 Dungeon Crawl Stone Soup version 0.25-a0-290-g4a1327e (webtiles) character file.

Game seed: 7093158824769785179, levelgen mode: deterministic

65 MrTaco21 the Skirmisher (level 4, -4/29 HPs)
             Began as a Gargoyle Fighter on Dec 14, 2019.
             Slain by an orc warrior
             ... wielding a +0 dire flail
              (12 damage)
             ... on level 1 of the Dungeon.
             The game lasted 00:10:56 (2022 turns).

MrTaco21 the Skirmisher (Gargoyle Fighter)          Turns: 2022, Time: 00:10:56

Health: -4/29      AC: 15    Str: 21    XL:     4   Next: 14%
Magic:  4/4        EV:  4    Int:  8    God:
Gold:   63         SH:  9    Dex:  9    Spells: 3/3 levels left

rFire    . . .     SeeInvis .   a - +0 flail
rCold    . . .     Gourm    .   c - +0 shield
rNeg     + . .     Faith    .   m - +0 plate armour
rPois    ∞         Spirit   .   (no helmet)
rElec    +         Reflect  .   (no cloak)
rCorr    .         Harm     .   (no gloves)
MR       .....                  (no boots)
Stlth    ..........             (no amulet)
HPRegen  0.09/turn              (no ring)
MPRegen  0.09/turn              (no ring)

@: no status effects
A: negative energy resistance 1, electricity resistance, unbreathing,
petrification resistance, rot immunity, AC +3
a: no special abilities


You were on level 1 of the Dungeon.
You were hungry.

You visited 1 branch of the dungeon, and saw 2 of its levels.

You collected 63 gold pieces.

Inventory:

Hand Weapons
 a - a +0 flail (weapon)
Armour
 b - a +0 scale mail
 c - a +0 shield (worn)
 m - a +0 plate armour (worn)
   (You found it on level 2 of the Dungeon)
Jewellery
 f - an uncursed ring of ice {unknown}
   (You found it on level 1 of the Dungeon)
Scrolls
 g - a scroll of enchant weapon {unknown}
 h - a scroll of teleportation {unknown}
 j - 4 scrolls of remove curse {unknown}
 k - a scroll of noise {unknown}
Potions
 d - 2 potions of might
 i - 2 potions of heal wounds {unknown}
 l - a potion of lignification {unknown}
Comestibles
 e - 3 rations {!d}


   Skills:
 + Level 3.9 Fighting
 + Level 2.6 Maces & Flails
 + Level 3.9 Armour
 + Level 3.9 Shields


You had 3 spell levels left.
You didn't know any spells.
Your spell library was empty.

Dungeon Overview and Level Annotations

Branches:
Dungeon (2/15)

Altars:


Innate Abilities, Weirdness & Mutations

You are resistant to torment.
Your stone body is resilient. (AC +3)
You are immune to poison.
You resist negative energy. (rN+)
You are resistant to electric shocks. (rElec)
You can survive without breathing.
You are immune to petrification.
You are immune to rotting.


Message History

You miss the bat. The bat hits you. x2
You hit the bat.
You kill the bat!
No target in view!
A bat comes into view.
The bat completely misses you. The bat hits you but does no damage.
Your shield and plate armour prevent you from hitting the bat.
You block the bat's attack. The bat hits you but does no damage.
You are near starving!
You miss the bat. The bat hits you but does no damage. x2
You thump the bat!
You kill the bat!
You butcher the bat corpse.
n - a chunk of flesh You see here a bat skeleton. x2
Eat a chunk of flesh? (ye/n/q)
Okay, then.
Eating a chunk of flesh.
You eat the chunk of flesh.
You are feeling hungry.
An orc comes into view. It is wielding a +0 dagger.
The orc shouts!
You hear a shout! x2
The orc warrior shouts!
An orc comes into view. It is wielding a +0 hand axe.
You see here a bat skeleton.
An orc comes into view. It is wielding a +0 club.
The orc shouts!
An orc comes into view. It is wielding a +0 war axe.
The orc throws a boomerang.
You block the boomerang.
The weapon returns to the orc!
The orc shouts!
The orc throws a boomerang.
The boomerang completely misses you.
There is a stone staircase leading up here.
You block the orc warrior's attack.
You climb upwards.
There is a stone staircase leading down here.
You closely miss the orc warrior.
The orc warrior hits you but does no damage.
You closely miss the orc warrior. The orc warrior barely misses you.
The orc warrior hits you with a +0 dire flail!
You closely miss the orc warrior.
The orc warrior hits you with a +0 dire flail!
* * * LOW HITPOINT WARNING * * *
Okay, then.
You hit the orc warrior but do no damage.
The orc warrior hits you but does no damage.
Your shield and plate armour prevent you from hitting the orc warrior.
The orc warrior barely misses you.
You hit the orc warrior. You block the orc warrior's attack.
The orc warrior hits you with a +0 dire flail!
You die...

#########.#≈≈≈.≈≈≈≈≈≈##)##
........#.≈≈≈≈≈.≈≈≈≈≈≈#..#
#######.#≈≈≈≈≈≈.≈≈≈≈≈≈≈#.#
.# #.≈≈≈8≈≈.≈≈≈≈≈8≈≈≈.# .#
#.≈≈≈≈≈.≈≈≈≈≈≈≈≈≈≈.# .#
#.≈≈≈≈≈.≈≈≈≈≈≈≈≈≈≈.# ##
#.≈≈≈≈≈.≈≈≈≈≈≈≈≈≈≈##
#.≈≈≈≈≈≈..<≈≈≈≈≈≈≈#
##.≈≈≈≈≈≈≈o@.≈≈≈≈≈≈#
######..≈≈≈≈≈≈≈≈≈≈.≈≈≈≈≈#
.....#..≈≈≈≈≈≈≈≈≈≈.≈≈≈≈≈#
...#.#.#≈≈≈≈≈≈≈≈≈≈.≈≈≈≈≈#
...#.#.#≈≈≈8≈≈≈≈≈.≈≈8≈≈≈#
...#)#...≈≈≈≈≈≈≈.≈≈≈≈≈≈##
.(.#.###(#≈≈≈≈≈≈.≈≈≈≈≈##
...#.# #.##≈≈≈≈≈≈.≈≈≈##
...#.###.########..###


You could see an orc warrior.

Vanquished Creatures
  An adder (D:2)
  A gnoll (D:1)
  An ooze (D:1)
  A dart slug (D:1)
  A giant cockroach (D:2)
  7 goblins
  6 hobgoblins
  4 jackals (D:2)
  2 bats (D:2)
  3 frilled lizards
  7 kobolds
  7 rats
41 creatures vanquished.

Notes
Turn   | Place    | Note
-------+----------+-------------------------------------------
     0 | D:1      | MrTaco21 the Gargoyle Fighter began the quest for the Orb.
     0 | D:1      | Reached XP level 1. HP: 14/14 MP: 1/1
    93 | D:1      | You fall into a shaft and drop 1 floor!
   123 | D:2      | Reached XP level 2. HP: 12/19 MP: 2/2
   317 | D:2      | Reached XP level 3. HP: 20/23 MP: 3/3
  1120 | D:1      | Reached XP level 4. HP: 29/29 MP: 4/4
  1499 | D:2      | Noticed an orc warrior
  2022 | D:1      | Slain by an orc warrior

Levels and vault maps discovered:
D:1:      nzn_arrival_water_spiral, layout_basic, minmay_misc_feat_tiny
D:2:      layout_loops_ring

Action                   |  1- 3 |  4- 6 || total
-------------------------+-------+-------++-------
Melee: Flail             |   123 |    25 ||   148
  Eat: Chunk             |     1 |     2 ||     3
Armor: Scale mail        |    59 |     3 ||    62
       Plate armour      |       |     7 ||     7
Dodge: Dodged            |    32 |     8 ||    40
Block: Shield            |    70 |     9 ||    79

Table legend:
 A = Non-vault XP
 B = Vault XP
 C = Vault XP percentage of total XP
 D = Non-vault monster count
 E = Vault monster count
 F = Vault count percentage of total count
                 A         B        C        D         E       F
            +---------+---------+-------+---------+---------+-------
      Total |      94 |       0 |   0.0 |      41 |       0 |   0.0
            +---------+---------+-------+---------+---------+-------
        D:1 |      52 |       0 |   0.0 |      22 |       0 |   0.0
        D:2 |      42 |       0 |   0.0 |      19 |       0 |   0.0
            +---------+---------+-------+---------+---------+-------
